[Event "ICC tourney 2047 (75 10)"]
[Site "Internet Chess Club"]
[Date "2020.10.11"]
[Round "7"]
[White "atevifred"]
[Black "Priccchess"]
[Result "1-0"]
[ICCResult "Black checkmated"]
[WhiteElo "1905"]
[BlackElo "1760"]
[Opening "QGD: 4.Bg5"]
[ECO "D50"]
[NIC "QO.16"]
[Time "18:32:09"]
[TimeControl "4500+10"]

1. d4 d5 2. c4 e6 3. Nc3 Nf6 4. Bg5 c6 5. e3 Be7 6. Nf3 h6 7. Bh4 Nbd7 8.
Bd3 O-O 9. O-O Re8 10. Qc2 dxc4 11. Bxc4 Nd5 12. Bxe7 Qxe7 13. a3 b6 14. e4
Nxc3 15. Qxc3 Bb7 16. Rfe1 Rac8 17. Rad1 c5 18. Bb5 Red8 19. Bxd7 Qxd7 20.
Qe3 Qa4 21. Qf4 cxd4 22. Ne5 Qe8 23. Rd3 Qe7 24. Rg3 g5 25. h4 f6 26. Nd3
Kg7 27. hxg5 fxg5 28. Qe5+ Qf6 29. f4 Qxe5 30. Nxe5 Rc5 31. Nd3 Ra5 32. e5
Kg6 33. fxg5 hxg5 34. Rf1 Be4 35. Rf6+ Kh5 36. Rh3+ Kg4 37. Nf2#
{Black checkmated}
1-0

[Event "ICC tourney 2047 (75 10)"]
[Site "Internet Chess Club"]
[Date "2020.10.11"]
[Round "7"]
[White "chessmilano"]
[Black "alexsaidfeghhi"]
[Result "1/2-1/2"]
[ICCResult "Game drawn by mutual agreement"]
[WhiteElo "1731"]
[BlackElo "1865"]
[Opening "Queen's pawn: London system"]
[ECO "A45"]
[NIC "QP.07"]
[Time "18:32:11"]
[TimeControl "4500+10"]

1. d4 Nf6 2. Bf4 d5 3. e3 Bf5 4. Bd3 Ne4 5. f3 Nd6 6. Bxd6 Bxd3 7. Bxc7 Qxc7
8. Qxd3 e5 9. dxe5 Qxe5 10. Qd4 Qg5 11. Qd2 Bc5 12. e4 Be3 13. Qe2 d4 14.
Nd2 Nc6 15. O-O-O Qc5 16. Kb1 b5 17. Nb3 Qb6 18. Nd2 Rc8 19. Nf1 Bh6 20. g3
Nb4 21. f4 d3 22. cxd3 Qe6 23. b3 O-O 24. Ne3 a5 25. Nf3 a4 26. Nd4 Qb6 27.
Ndf5 axb3 28. Ne7+ Kh8 29. Nxc8 bxa2+ 30. Ka1 Rxc8 31. d4 Rc3 32. Rc1 Qxd4
33. Rxc3 Qxc3+ 34. Qb2 Qxe3 35. Qxb4 g5 36. Kxa2 gxf4 37. gxf4 Qxf4 38. Qd4+
f6 39. Qd8+ Kg7 40. Rg1+ Bg5 41. Qe7+ Kh6 42. Qf8+ Kg6 43. Qg8+ Kh6 44. Qf8+
Kg6 45. Qe8+ Kh6 46. Rg2 Qf3 47. Rb2 b4 48. Qf8+ Kg6 49. Qxb4 Qd3 50. Qa4
Kh6 {Game drawn by mutual agreement} 1/2-1/2

[Event "ICC tourney 2047 (75 10)"]
[Site "Internet Chess Club"]
[Date "2020.10.11"]
[Round "7"]
[White "WizardY"]
[Black "Mozart1"]
[Result "0-1"]
[ICCResult "White resigns"]
[WhiteElo "1439"]
[BlackElo "1843"]
[Opening "Scotch gambit: Dubois-Réti defense"]
[ECO "C55"]
[NIC "KP.02"]
[Time "18:32:21"]
[TimeControl "4500+10"]

1. e4 e5 2. Nf3 Nc6 3. d4 exd4 4. Bc4 Nf6 5. e5 d5 6. Bb5 Ne4 7. Nxd4 Bd7 8.
Bxc6 bxc6 9. O-O Be7 10. f3 Nc5 11. Nc3 O-O 12. Be3 Ne6 13. Nxe6 Bxe6 14. f4
f5 15. Na4 Qb8 16. Nc5 Bxc5 17. Bxc5 Qxb2 18. Bxf8 Qb6+ 19. Kh1 Rxf8 20. Qd2
c5 21. Rfb1 Qc6 22. Qa5 a6 23. Rb2 d4 24. Rd1 Rd8 25. c3 d3 26. Rbd2 c4 27.
Qb4 Kf7 28. Rb2 Qe4 29. Qb7 Rd7 30. Qxa6 d2 31. Qa7 Qe2 32. Rbb1 Bd5 33. Qg1
Be4 34. Ra1 Qd3 35. a4 Qxc3 36. a5 Qxa1 37. Rxa1 c3 38. h3 c2 39. Rd1 cxd1=Q
40. Qxd1 Bc2 41. Qxc2 d1=Q+ 42. Qxd1 Rxd1+ 43. Kh2 Ra1 44. g4 fxg4 45. hxg4
Rxa5 46. Kg3 Ra3+ {White resigns} 0-1